 Dungeon Crawl Stone Soup version 0.30-a0-321-gf7783e6616 (webtiles) character file.

Game seed: 10480020501942106154

374 Jorund the Shield-Bearer (level 6, 0/44 HPs)
             Began as a Gnoll Wanderer on Oct 26, 2022.
             Killed from afar by Ijyb (18 damage)
             ... with a bolt of acid
             ... on level 3 of the Dungeon.
             The game lasted 00:04:49 (2680 turns).

Jorund the Shield-Bearer (Gnoll Wanderer)           Turns: 2680, Time: 00:04:50

Health: 0/44       AC:  2    Str:  7    XL:     6   Next: 72%
Magic:  9/9        EV: 15    Int: 12    God:
Gold:   146        SH:  6    Dex: 15    Spells: 9/9 levels left

rFire   . . .      SeeInvis .    f - +2 dagger (venom)
rCold   . . .      Faith    .    b - +0 buckler {AC+3}
rNeg    . . .      Spirit   .    e - +0 robe
rPois   .          Reflect  .    (no helmet)
rElec   .          Harm     .    p - +0 cloak
rCorr   .          Rampage  .    (no gloves)
Will    .....                    (no boots)
Stlth   ++........               (no amulet)
HPRegen 0.27/turn                (no ring)
MPRegen 0.11/turn                (no ring)

@: corroded
A: fangs 1, strong nose, distributed training, sense surroundings 1, weak 1
a: no special abilities


You were on level 3 of the Dungeon.
You visited 1 branch of the dungeon, and saw 3 of its levels.

You collected 146 gold pieces.

Inventory:

Hand Weapons
 a - a +0 falchion
 f - a +2 dagger of venom (weapon)
 i - a +0 sling
Missiles
 o - 10 poisoned darts (quivered)
Armour
 b - a +0 buckler of protection (worn)
 e - a +0 robe (worn)
 p - a +0 cloak (worn)
Jewellery
 j - an amulet of regeneration
Wands
 n - a wand of iceblast (4)
Scrolls
 d - 2 scrolls of blinking
 g - a scroll of teleportation
 k - a scroll of poison {unknown}
 l - a scroll of fog {unknown}
 q - a scroll of fear
Potions
 h - 2 potions of heal wounds


   Skills:
 + Level 2.1 Fighting
 + Level 2.1 Short Blades
 + Level 3.4 Long Blades
 + Level 2.1 Axes
 + Level 2.1 Maces & Flails
 + Level 2.1 Polearms
 + Level 2.1 Staves
 + Level 2.1 Ranged Weapons
 + Level 2.1 Throwing
 + Level 2.1 Armour
 + Level 6.9 Dodging
 + Level 3.2 Stealth
 + Level 6.9 Shields
 + Level 2.1 Unarmed Combat
 + Level 2.1 Spellcasting
 + Level 1.7 Conjurations
 + Level 1.7 Hexes
 + Level 1.7 Summonings
 + Level 1.7 Necromancy
 + Level 1.7 Translocations
 + Level 1.7 Transmutations
 + Level 1.7 Fire Magic
 + Level 1.7 Ice Magic
 + Level 1.7 Air Magic
 + Level 1.7 Earth Magic
 + Level 1.7 Poison Magic
 + Level 2.4 Invocations
 + Level 5.1 Evocations


You had 9 spell levels left.
You didn't know any spells.
Your spell library was empty.

Dungeon Overview and Level Annotations

Branches:
Dungeon (3/15)

Altars:
Nemelex Xobeh
Sif Muna
Uskayaw

Annotations:
D:3 Ijyb, Natasha


Innate Abilities, Weirdness & Mutations

You have very sharp teeth.
Your uncanny sense of smell can sniff out nearby items.
Your experience applies equally to all skills.
You passively map a small area around you.
You are weak. (Str -2)


Message History

Aim: Ijyb, wielding a +6 club, wearing a +0 scale mail and carrying a wand of acid (2) (asleep, 98% to hit)
You throw a poisoned dart. The poisoned dart hits Ijyb.
Ijyb is poisoned.
Ijyb shouts!
Throw: 13 darts (poison)
Press: ? - help, Q - select action, (/) - cycle Shift-Dir - straight line, f/p - Ijyb
Aim: Ijyb, wielding a +6 club, wearing a +0 scale mail and carrying a wand of acid (2) (poisoned, 57% to hit)
You throw a poisoned dart. The poisoned dart hits Ijyb.
Ijyb looks even sicker.
Throw: 12 darts (poison)
Press: ? - help, Q - select action, (/) - cycle Shift-Dir - straight line, f/p - Ijyb
Aim: Ijyb, wielding a +6 club, wearing a +0 scale mail and carrying a wand of acid (2) (very poisoned, 57% to hit)
You throw a poisoned dart. The poisoned dart closely misses Ijyb.
Throw: 11 darts (poison)
Press: ? - help, Q - select action, (/) - cycle Shift-Dir - straight line, f/p - Ijyb
Aim: Ijyb, wielding a +6 club, wearing a +0 scale mail and carrying a wand of acid (2) (very poisoned, 57% to hit)
You throw a poisoned dart. The poisoned dart hits Ijyb.
Ijyb looks even sicker.
You barely miss Ijyb.
Ijyb is lightly wounded.
Ijyb hits you but does no damage.
You hit Ijyb but do no damage.
Ijyb looks as sick as possible!
You bite Ijyb, but do no damage.
Ijyb is moderately wounded.
Ijyb hits you with a +6 club.
You hit Ijyb but do no damage.
Ijyb looks as sick as possible!
Ijyb is moderately wounded.
You hit Ijyb.
Ijyb is heavily wounded.
Ijyb hits you with a +6 club!
Natasha, Servant of Life and Death comes into view.
Natasha hisses angrily.
You hit Ijyb but do no damage.
Ijyb looks as sick as possible!
Ijyb is severely wounded.
Ijyb hits you with a +6 club.
You hit Ijyb but do no damage.
Ijyb looks as sick as possible!
Ijyb is severely wounded.
Ijyb zaps a wand.
The bolt of acid hits you! The acid corrodes you!
Unknown command.
You closely miss Ijyb.
Ijyb is almost dead.
Ijyb zaps a wand.
The bolt of acid hits you!!
You die...

* * ** *, , ∆ #.# #
#.# ,.# ###.#
####..#### ##.#.#
#.@g(..((#
#####....#
#.##..##.# ###
.........###.# .##.#
#..
#.#.........##..h...
,* #.#
#...............##.#
* #.#
#####.############.#
#.# #.# #.# #.#
##'## #.# ####.# ,
##...## ######.#
#.....


You could see Ijyb (extremely poisoned) and Natasha.

Vanquished Creatures
  Grinder (D:3)
  Jessica (D:3)
  Natasha (D:3)
  Robin (D:3)
  4 adders
  A worm (D:3)
  3 orcs (D:3)
  7 ball pythons
  5 endoplasms
  2 giant cockroaches (D:2)
  5 hobgoblins
  5 jackals
  5 kobolds
  A quokka (D:3)
  8 bats
  2 frilled lizards
  18 goblins
  5 rats
75 creatures vanquished.

Notes
Turn   | Place    | Note
-------+----------+-------------------------------------------
     0 | D:1      | Jorund the Gnoll Wanderer began the quest for the Orb.
     0 | D:1      | Jorund set off with the following items: a +0 falchion, a
                  | +0 buckler of protection, a wand of flame (5), a scroll of
                  | blinking, a +0 robe.
     0 | D:1      | Reached XP level 1. HP: 13/13 MP: 1/1
   114 | D:1      | Reached XP level 2. HP: 19/19 MP: 2/2
   332 | D:1      | Found a faded altar of an unknown god.
   396 | D:1      | You fall into a shaft and drop 1 floor!
   604 | D:2      | Reached XP level 3. HP: 24/25 MP: 3/3
   895 | D:1      | Reached skill level 1 in Invocations
  1167 | D:2      | Reached skill level 1 in Fighting
  1167 | D:2      | Reached skill level 1 in Short Blades
  1167 | D:2      | Reached skill level 1 in Axes
  1167 | D:2      | Reached skill level 1 in Maces & Flails
  1167 | D:2      | Reached skill level 1 in Polearms
  1167 | D:2      | Reached skill level 1 in Staves
  1167 | D:2      | Reached skill level 1 in Ranged Weapons
  1167 | D:2      | Reached skill level 1 in Throwing
  1167 | D:2      | Reached skill level 1 in Armour
  1167 | D:2      | Reached skill level 1 in Unarmed Combat
  1167 | D:2      | Reached skill level 1 in Spellcasting
  1562 | D:2      | Reached XP level 4. HP: 32/32 MP: 5/5
  1884 | D:3      | Noticed Robin
  1936 | D:3      | Reached skill level 1 in Conjurations
  1936 | D:3      | Reached skill level 1 in Hexes
  1936 | D:3      | Reached skill level 1 in Summonings
  1936 | D:3      | Reached skill level 1 in Necromancy
  1936 | D:3      | Reached skill level 1 in Translocations
  1936 | D:3      | Reached skill level 1 in Transmutations
  1936 | D:3      | Reached skill level 1 in Fire Magic
  1936 | D:3      | Reached skill level 1 in Ice Magic
  1936 | D:3      | Reached skill level 1 in Air Magic
  1936 | D:3      | Reached skill level 1 in Earth Magic
  1936 | D:3      | Reached skill level 1 in Poison Magic
  1960 | D:3      | Killed Robin
  2156 | D:3      | Noticed Grinder
  2168 | D:3      | Paralysed by Grinder for 3 turns
  2175 | D:3      | Killed Grinder
  2176 | D:3      | Reached skill level 5 in Evocations
  2176 | D:3      | Reached XP level 5. HP: 22/38 MP: 6/8
  2176 | D:3      | Reached XP level 6. HP: 25/44 MP: 6/9
  2449 | D:3      | Noticed Natasha
  2459 | D:3      | Killed Natasha
  2480 | D:3      | Noticed Jessica
  2486 | D:3      | Killed Jessica
  2599 | D:3      | Gained mutation: Your mind is acute. (Int +4, Str/Dex -1)
                  | [potion of mutation]
  2599 | D:3      | Gained mutation: You are weak. (Str -2) [potion of
                  | mutation]
  2599 | D:3      | Lost mutation: Your mind is acute. (Int +4, Str/Dex -1)
                  | [potion of mutation]
  2599 | D:3      | Gained mutation: You passively map a small area around you.
                  | [potion of mutation]
  2616 | D:3      | Found a shimmering blue altar of Sif Muna.
  2617 | D:3      | Found a sparkling altar of Nemelex Xobeh.
  2617 | D:3      | Found a hide-covered altar of Uskayaw.
  2668 | D:3      | Noticed Ijyb
  2677 | D:3      | Noticed Natasha
  2680 | D:3      | Killed from afar by Ijyb

Illustrated notes

Levels and vault maps discovered:
D:1:      dpeg_arrival_snail, layout_basic, basic_ecumenical_altar
D:2:      layout_loops_corners
D:3:      layout_loops_corners, chequers_temple_overflow_statue_of_worship,
          minmay_misc_feat_tiny, dk_noncrumbling_4, uniq_ijyb, uniq_grinder,
          uniq_robin, uniq_terence, uniq_natasha, uniq_jessica

Skill      XL: |  1  2  3  4 |
---------------+-------------+-----
Invocations    | 1 2 |  2.4
Fighting       | 1 2 |  2.1
Short Blades   | 1 2 |  2.1
Axes           | 1 2 |  2.1
Maces & Flails | 1 2 |  2.1
Polearms       | 1 2 |  2.1
Staves         | 1 2 |  2.1
Ranged Weapons | 1 2 |  2.1
Throwing       | 1 2 |  2.1
Armour         | 1 2 |  2.1
Unarmed Combat | 1 2 |  2.1
Spellcasting   | 1 2 |  2.1
Conjurations   | 1 |  1.7
Hexes          | 1 |  1.7
Summonings     | 1 |  1.7
Necromancy     | 1 |  1.7
Translocations | 1 |  1.7
Transmutations | 1 |  1.7
Fire Magic     | 1 |  1.7
Ice Magic      | 1 |  1.7
Air Magic      | 1 |  1.7
Earth Magic    | 1 |  1.7
Poison Magic   | 1 |  1.7
Long Blades    | 3 |  3.4
Stealth        | 3 |  3.2
Evocations     | 5 |  5.1
Dodging        | |  6.9
Shields        | |  6.9

Action                   |  1- 3 |  4- 6 || total
-------------------------+-------+-------++-------
Melee: Falchion          |   120 |    72 ||   192
       Bite              |     8 |    17 ||    25
       Dagger            |       |    66 ||    66
Throw: Dart              |       |    12 ||    12
Evoke: Wand              |       |     5 ||     5
  Use: Scroll            |       |     6 ||     6
       Potion            |       |     3 ||     3
 Stab: Sleeping          |     9 |     1 ||    10
       Fleeing           |       |     1 ||     1
Armor: Robe              |    26 |    27 ||    53
Dodge: Dodged            |    66 |    91 ||   157
Block: Buckler           |    38 |    28 ||    66

Table legend: (Time is in decaauts)
 A = Elapsed time spent in this place.
 B = Non-inter-level travel time spent in this place.
 C = Inter-level travel time spent in this place.
 D = Time resting spent in this place.
 E = Time spent auto-exploring this place.
 F = Levels seen in this place.
 G = Mean time per level.
                   A        B        C        D        E       F      G
               +--------+--------+--------+--------+--------+-----+--------+
         Total |   2699 |   2667 |     32 |    115 |   1960 |   3 |  899.7 |
       Dungeon |   2699 |   2667 |     32 |    115 |   1960 |   3 |  899.7 |
               +--------+--------+--------+--------+--------+-----+--------+

Top non-repeatable levels by time:
     D:2: 1118 daAuts
     D:3: 863 daAuts
     D:1: 717 daAuts
